 Dungeon Crawl Stone Soup version 0.18.1-48-g4cf74bf (webtiles) character file.

16 Eukament the Magician (level 2, 0/15 HPs)
             Began as a Gargoyle Wizard on Aug 8, 2016.
             Slain by a hobgoblin
             ... wielding a cursed -1 club
             ... led by Robin
              (8 damage)
             ... on level 1 of the Dungeon.
             The game lasted 00:02:56 (601 turns).

Eukament the Magician (Gargoyle Wizard)              Turns: 601, Time: 00:02:57

Health: 0/15       AC:  5    Str: 10    XL:     2   Next: 58%
Magic:  4/6        EV: 11    Int: 18    God:
Gold:   36         SH:  0    Dex:  8    Spells: 1 memorised, 6 levels left

rFire  . . .     SeeInvis .     e - +0 dagger (speed)
rCold  . . .     Gourm    .     a - +0 robe
rNeg   + . .     Faith    .     (no shield)
rPois  ∞         Spirit   .     b - +0 hat
rElec  +         Dismiss  .     o - +0 cloak
rCorr  .         Reflect  .     (no gloves)
SustAt .         Harm     .     (no boots)
MR     .....                    (no amulet)
Stlth  ++........               (no ring)
                                (no ring)

@: not resistant to hostile enchantments, unstealthy
A: negative energy resistance 1, electricity resistance, unbreathing,
petrification resistance, rot immunity, AC +2
a: no special abilities


You were on level 1 of the Dungeon.
You were not hungry.

You visited 1 branch of the dungeon, and saw 2 of its levels.

You collected 36 gold pieces.

Inventory:

Hand Weapons
 e - a +0 dagger of speed (weapon)
Armour
 a - a +0 robe (worn)
 b - a +0 hat (worn)
 o - a +0 cloak (worn)
Scrolls
 g - a scroll of remove curse {unknown}
 h - a scroll of magic mapping {unknown}
 i - a scroll of blinking {unknown}
 k - 2 scrolls of identify
 l - a scroll of immolation {unknown}
 n - a scroll of fog {unknown}
Potions
 f - a potion of heal wounds {unknown}
 m - a potion of berserk rage {unknown}
 p - a potion of agility {unknown}
Books
 c - a book of Minor Magic

   Spells                             Type                      Level
   a - Magic Dart                     Conjuration                  1
   b - Blink                          Translocation                2
   c - Call Imp                       Summoning                    2
   d - Repel Missiles                 Charms/Air                   2
   e - Slow                           Hexes                        2
   f - Conjure Flame                  Conjuration/Fire             3
   g - Mephitic Cloud                 Conjuration/Poison/Air       3
Comestibles
 d - a bread ration
 j - 2 meat rations


   Skills:
 + Level 0.2 Fighting
 - Level 1.5 Dodging
 - Level 2.1 Stealth
 - Level 3.0 Spellcasting
 * Level 2.6 Conjurations
   Level 0.8 Summonings
   Level 0.8 Translocations


You had 6 spell levels left.
You knew the following spells:

 Your Spells              Type           Power        Failure   Level  Hunger
a - Magic Dart            Conj           ##..         8%          1    None


Dungeon Overview and Level Annotations

Branches:
Dungeon (2/15)

Altars:

Annotations:
D:2 Robin


Innate Abilities, Weirdness & Mutations

You are resistant to torment.
Your stone body is resilient (AC +2).
You are immune to poison.
You resist negative energy.
You are resistant to electric shocks.
You can survive without breathing.
You are immune to petrification.
You are immune to rotting.


Message History

The hobgoblin shouts!
Robin roars a battlecry!
The hobgoblin goes into a battle-frenzy!
The goblin misses you. The goblin hits you but does no damage.
The hobgoblin misses you. The goblin hits you with a club.
Unknown command.
You can't go down here!
The goblin hits you but does no damage. The goblin hits you with a dagger.
You climb upwards.
There is a stone staircase leading down here.
Casting: Magic Dart
Confirm with . or Enter, or press ? or * to list all spells.
Aiming: Magic Dart
Press: ? - help, Shift-Dir - straight line, f - goblin
Aim: a goblin (unusually strong)
The magic dart hits the goblin.
The goblin is moderately wounded.
The hobgoblin hits you with a club!
Ouch! That really hurt!
You die...

#.#.# #.###.........
#.#.######### #.# ##.....###
#.#.#...#...## #.# #.#####
#.#..........###.## #.#######
#.#...........##..# #.##....#
#####.#...........##..# #.#..##..
#..................#..# #.#.###..
#...............g#.#..###.#.# #..
#.......÷...#..g@g..........# #..
#.......÷..####g##........#.# #..
#......÷..## #(##........#.###..
#.........# #.###..............
#.........# ##.............###..
#........## #..................#
#........# ###'####..............
####..#.####......##.......####.#
#..#.# #........##.......#....


You could see a hobgoblin and 3 goblins.

Vanquished Creatures
  2 goblins
  6 hobgoblins
  2 jackals (D:1)
  A bat (D:1)
  A giant newt (D:1)
  2 rats (D:1)
14 creatures vanquished.

Notes
Turn   | Place    | Note
--------------------------------------------------------------
     0 | D:1      | Eukament the Gargoyle Wizard began the quest for the Orb.
     0 | D:1      | Reached XP level 1. HP: 10/10 MP: 4/4
   228 | D:1      | Reached XP level 2. HP: 15/15 MP: 0/6
   536 | D:2      | Noticed Robin
   601 | D:1      | Slain by a hobgoblin

Skill      XL: |  1 |
---------------+----+-----
Conjurations   | 2 |  2.6
Fighting       | |  0.2
Dodging        | |  1.5
Stealth        | |  2.1
Spellcasting   | |  3.0
Summonings     | |  0.8
Translocations | |  0.8

Action                   || total
-------------------------++-------
Melee: Dagger            ||    29
 Cast: Magic Dart        ||    25
  Use: Scroll            ||     2
Armor: Robe              ||    18
Dodge: Dodged            ||    29
